 Dungeon Crawl Stone Soup version 0.23.2-33-g5129a83184 (webtiles) character file.

Game seed: 17029740591752013477

9006 DildoBatman the Tainter (level 11, -1/79 HPs)
             Began as a Formicid Wizard on July 8, 2019.
             Was a High Priest of Kikubaaqudgha.
             Killed from afar by an orc wizard (9 damage)
             ... with a magic dart
             ... on level 2 of the Orcish Mines.
             The game lasted 00:53:11 (11979 turns).

DildoBatman the Tainter (Formicid Wizard)          Turns: 11979, Time: 00:53:12

Health: -1/79      AC:  8    Str: 12    XL:     11   Next: 66%
Magic:  21/21      EV: 12    Int: 21    God:    Kikubaaqudgha [*****.]
Gold:   842        SH:  0    Dex:  9    Spells: 6/23 levels left

rFire    + . .     SeeInvis +   a - +2 whip (elec)
rCold    x . .     Gourm    .   (no shield)
rNeg     . . .     Faith    .   L - +0 troll leather armour
rPois    .         Spirit   .   (helmet unavailable)
rElec    .         Reflect  .   M - +1 cloak
rCorr    .         Harm     .   R - +0 pair of gloves (curse)
MR       ++...                  (no boots)
Stlth    +++.......             (no amulet)
HPRegen  0.63/turn              D - ring of fire
MPRegen  0.17/turn              P - ring of protection from magic

@: no status effects
A: permanent stasis, dig shafts and tunnels, four strong arms, antennae 3
a: Dig, Shaft Self, Receive Corpses, Torment, Renounce Religion


You were on level 2 of the Orcish Mines.
You worshipped Kikubaaqudgha.
Kikubaaqudgha was extremely pleased with you.
You were not hungry.

You visited 3 branches of the dungeon, and saw 13 of its levels.
You also visited: Sewer.

You collected 842 gold pieces.

Inventory:

Hand Weapons
 a - a +2 whip of electrocution (weapon)
 b - a +6 scimitar of holy wrath
 c - a +3 hunting sling
 E - the cursed +1 falchion of Bloody Death {elec, *Drain rC++ Dex+6}
   (You took it off a centaur on level 6 of the Dungeon)

   Occasionally, upon striking a foe, it will discharge some electrical energy
   and cause terrible harm.
   It affects your dexterity (+6).
   It greatly protects you from cold.
   It causes draining when unequipped.
   It has a curse placed upon it.
Missiles
 e - 6 poisoned javelins
 o - 358 stones
 r - 64 poisoned needles
 s - a throwing net
 u - 277 arrows
 w - 9 tomahawks (quivered)
 J - 38 sling bullets
 K - 66 bolts
 Y - 4 curare-tipped needles
Armour
 k - a scarf of resistance
 L - a +0 troll leather armour (worn)
 M - a +1 cloak (worn)
 R - a cursed +0 pair of gloves (worn)
Jewellery
 d - an uncursed ring of protection from cold
 q - an uncursed ring of ice
 D - a ring of fire (left hand)
 N - an uncursed ring of positive energy
 P - a ring of protection from magic (right hand)
Wands
 j - a wand of flame (57)
 G - a wand of iceblast (9)
 T - a wand of disintegration (12)
 X - a wand of clouds (5)
Scrolls
 g - a scroll of fog
 i - a scroll of magic mapping {unknown}
 l - 8 scrolls of amnesia
 p - a scroll of enchant armour {unknown}
 x - 15 scrolls of remove curse
 z - a scroll of identify
 B - a scroll of noise
 I - a scroll of vulnerability {unknown}
 Q - a scroll of random uselessness {unknown}
 S - a scroll of enchant weapon {unknown}
 U - 2 scrolls of immolation {unknown}
 Z - 2 scrolls of fear
Potions
 f - 2 potions of agility
 h - a potion of flight
 m - a potion of degeneration {unknown}
 n - a potion of curing
 t - 2 potions of lignification
 y - a potion of magic {unknown}
 A - a potion of mutation {unknown}
 C - 4 potions of brilliance
 F - 2 potions of cancellation
 H - a potion of ambrosia {unknown}
Comestibles
 v - 14 rations


   Skills:
 - Level 5.0 Fighting
 - Level 2.1 Maces & Flails
 - Level 2.0 Slings
 - Level 5.1 Armour
 - Level 3.0 Dodging
 - Level 6.0 Stealth
 * Level 6.6 Spellcasting
 - Level 6.0 Conjurations
   Level 1.0 Summonings
 * Level 7.8 Necromancy
   Level 0.8 Translocations
 - Level 4.0 Fire Magic
 - Level 4.1 Air Magic
 - Level 8.2 Poison Magic


You had 6 spell levels left.
You knew the following spells:

 Your Spells              Type           Power        Failure   Level  Hunger
a - Conjure Flame         Conj/Fire      #####...     4%          3    #......
c - Magic Dart            Conj           ####         1%          1    None
d - Vampiric Draining     Necr           #####.....   1%          3    #......
e - Mephitic Cloud        Conj/Pois/Air  ####....     2%          3    #......
f - Dispel Undead         Necr           #####...     13%         5    #####..
z - Sublimation of Blood  Necr           #####.....   1%          2    None

Your spell library contained the following spells:

 Spells                   Type           Power        Failure   Level  Hunger
 Animate Skeleton         Necr           N/A          1%          1    None
 Pain                     Necr           ####         1%          1    None
 Animate Dead             Necr           N/A          4%          4    ###....
 Call Imp                 Summ           ##......     12%         2    None
 Slow                     Hex            #.......     19%         2    None
 Bolt of Draining         Conj/Necr      #####.....   19%         5    #####..
 Borgnjor's Vile Clutch   Necr/Erth      ###.......   54%         5    #####..
 Death Channel            Necr           #####.....   56%         6    ######.
 Blink                    Tloc           Unusable     N/A         2    N/A

Dungeon Overview and Level Annotations

Branches:
Dungeon (10/15)            Temple (1/1) D:5            Lair (0/6) D:8
    Orc (2/2) D:10            Elf (0/3) Orc:2

Altars:
Ashenzari
Cheibriados
Dithmenos
Elyvilon
Fedhas
Gozag
Hepliaklqana
Kikubaaqudgha
Makhleb
Nemelex Xobeh
Okawaru
Qazlal
Ru
Sif Muna
Trog
Uskayaw
Vehumet
Wu Jian
Xom
Yredelemnul
Zin
The Shining One
Beogh

Shops:
D:6 [   D:10 }

Annotations:
D:5 3 runed translucent doors, KamiKatze's ghost, novice SpCj
D:7 exclusion: dancing weapon
D:9 3 runed translucent doors, Exodus22XD's ghost, novice DEWz; Pyrphoros's ghost, novice TeAE; Thantalas's ghost, novice MiBe
D:10 Josephine


Innate Abilities, Weirdness & Mutations

You cannot be hasted, slowed, berserked, paralysed or teleported.
You can dig through walls and to a lower floor.
Your four strong arms can wield two-handed weapons with a shield.
You have a pair of large antennae on your head. (SInv)


Message History

The orc priest appears confused.
Unknown command.
The orc wizard looks encouraged for a moment.
The orc warrior is engulfed in noxious fumes.
The orc warrior appears confused.
The orc warrior is engulfed in noxious fumes.
The orc warrior appears confused.
The orc warrior hits the orc warrior with a +0 long sword.
The orc wizard is engulfed in noxious fumes.
The orc wizard appears confused.
The orc priest is engulfed in noxious fumes.
The orc priest appears confused.
You extend your mandibles.
You dig through the rock wall.
The orc wizard casts a cantrip, but nothing happens.
Something barely misses the orc priest.
The orc wizard gestures at you while chanting.
The magic dart hits you!
You die...
Kikubaaqudgha rasps: "You have failed me!
Welcome... death!"

...........#.##
.........§§§..#
O{......oo§oO.#
.....#...§§<{.#
....#.#o.§o#(##
.>......oo####
#........o#
#......$..##
..#.....##@#
...#...(####
#.#...### #
#.## ##


You could see an orc warrior (confused), an orc priest (confused), 3 orc wizards
and an orc.

Vanquished Creatures
  Harold (Orc:1)
  Urug (D:10)
  Sonja (D:10)
  An orc sorcerer (Orc:1)
  Psyche (D:9)
  A kobold demonologist (D:9)
  3 trolls
  A hippogriff (D:8)
  A steam dragon (D:9)
  2 wargs
  Edmund (D:3)
  2 ice beasts
  A sky beast (D:8)
  A black bear (D:10)
  4 orc warriors
  4 ogres
  A necrophage (D:8)
  8 centaurs
  2 big kobolds
  2 bullfrogs
  A gnoll sergeant (D:9)
  12 scorpions
  A wyvern skeleton (D:8)
  4 killer bees (D:10)
  4 wights (D:10)
  4 howler monkeys
  A jelly (D:10)
  3 crimson imps
  A bullfrog zombie (D:7)
  12 orc priests
  4 hounds
  An iron imp (D:7)
  2 bullfrog skeletons
  3 iguanas
  Ijyb (D:2)
  A gnoll shaman (D:7)
  8 orc wizards
  6 worker ants
  2 hound zombies
  2 hound skeletons
  Robin (D:3)
  12 gnolls
  2 river rats (Sewer)
  14 adders
  2 shadow imps
  3 oozes
  An adder zombie (D:6)
  An adder skeleton (D:6)
  3 worms
  4 dart slugs
  11 leopard geckos
  42 orcs
  5 ball pythons
  9 giant cockroaches
  16 goblins
  10 hobgoblins
  6 jackals
  20 kobolds
  6 quokkas
  A ball python skeleton (D:5)
  10 bats
  7 frilled lizards
  2 goblin zombies (D:7)
  2 hobgoblin zombies (D:7)
  2 kobold skeletons (D:7)
  A kobold zombie (D:7)
  A leopard gecko skeleton (D:9)
  An orc skeleton (D:7)
  An orc zombie (D:7)
  5 rats
313 creatures vanquished.

Vanquished Creatures (collateral kills)
  A killer bee (D:10)
1 creature vanquished.

Vanquished Creatures (others)
  7 fungi (D:5)
  A plant (D:5)
  4 withered plants (D:9)
12 creatures vanquished.

Grand Total: 326 creatures vanquished

Notes
Turn   | Place    | Note
-------+----------+-------------------------------------------
     0 | D:1      | DildoBatman the Formicid Wizard began the quest for the
                  | Orb.
     0 | D:1      | Reached XP level 1. HP: 13/13 MP: 4/4
    16 | D:1      | Reached skill level 1 in Conjurations
   253 | D:1      | Reached XP level 2. HP: 19/19 MP: 3/6
   456 | D:1      | Reached skill level 1 in Maces & Flails
   684 | D:1      | Reached XP level 3. HP: 17/24 MP: 3/7
   689 | D:1      | Learned a level 3 spell: Conjure Flame
   693 | D:1      | Learned a level 3 spell: Mephitic Cloud
  1201 | D:2      | Reached XP level 4. HP: 30/30 MP: 3/8
  1996 | D:3      | Noticed Ijyb
  2192 | D:3      | Reached XP level 5. HP: 21/35 MP: 4/9
  2357 | D:3      | Noticed Robin
  2424 | D:3      | Found a stormy altar of Qazlal.
  2425 | D:3      | Noticed an air elemental
  2425 | D:3      | Noticed a fire elemental
  2425 | D:3      | Noticed a water elemental
  2576 | D:4      | Noticed Edmund
  2757 | D:4      | Found a basalt altar of Yredelemnul.
  3076 | D:5      | Entered Level 5 of the Dungeon
  3076 | D:5      | Found an ancient bone altar of Kikubaaqudgha.
  3096 | D:5      | Became a worshipper of Kikubaaqudgha
  3139 | D:5      | Found a glowing drain.
  3143 | Sewer    | Entered a sewer
  3435 | Sewer    | HP: 1/35 [river rat (5)]
  3437 | Sewer    | Reached XP level 6. HP: 2/41 MP: 0/10
  3717 | Sewer    | Reached skill level 5 in Conjurations
  3807 | D:5      | Found an iron altar of Okawaru.
  3868 | D:5      | Reached XP level 7. HP: 31/46 MP: 2/11
  3884 | D:5      | Reached * piety under Kikubaaqudgha
  3884 | D:5      | Identified Kikubaaqudgha's Catalogue of Evil Magic
                  | (Kikubaaqudgha gifted it to you on level 5 of the Dungeon)
  3884 | D:5      | Received a gift from Kikubaaqudgha
  4100 | D:5      | Reached skill level 1 in Poison Magic
  4301 | D:3      | Killed Edmund
  4301 | D:3      | Reached skill level 1 in Fighting
  4301 | D:3      | Reached skill level 1 in Armour
  4301 | D:3      | Reached skill level 1 in Fire Magic
  4497 | D:3      | Killed Robin
  4790 | D:2      | Killed Ijyb
  4790 | D:2      | Reached XP level 8. HP: 52/54 MP: 8/13
  4908 | D:5      | Reached skill level 1 in Slings
  4908 | D:5      | Reached skill level 1 in Air Magic
  4941 | D:5      | Found a staircase to the Ecumenical Temple.
  4953 | Temple   | Entered the Ecumenical Temple
  5255 | D:5      | Reached ** piety under Kikubaaqudgha
  5255 | D:5      | Reached skill level 2 in Poison Magic
  5520 | D:5      | Found a runed translucent gate.
  5520 | D:5      | Noticed KamiKatze's ghost (novice SpCj)
  5521 | D:5      | Found a runed translucent gate.
  5522 | D:5      | Found a runed translucent gate.
  5522 | D:5      | Found a roughly hewn altar of Beogh.
  5523 | D:5      | Identified the +8 dagger of the Goat {venom, rElec}
  5713 | D:6      | Learned a level 3 spell: Vampiric Draining
  5716 | D:6      | Learned a level 2 spell: Sublimation of Blood
  6101 | D:6      | Found Dielesh's Antique Armour Boutique.
  6218 | D:6      | Identified the cursed +1 falchion of Bloody Death {elec,
                  | *Drain rC++ Dex+6}
  6228 | D:6      | Reached skill level 3 in Poison Magic
  6248 | D:6      | Reached XP level 9. HP: 26/62 MP: 0/15
  6715 | D:7      | Reached skill level 4 in Poison Magic
  6862 | D:7      | Reached *** piety under Kikubaaqudgha
  6862 | D:7      | Identified Kikubaaqudgha's Guide on Black Magic
                  | (Kikubaaqudgha gifted it to you on level 7 of the Dungeon)
  6862 | D:7      | Received a gift from Kikubaaqudgha
  6906 | D:7      | Found a glowing golden altar of the Shining One.
  7223 | D:7      | Noticed a +0 hand axe
  7224 | D:7      | Noticed a +0 dagger
  7229 | D:7      | Found a hide-covered altar of Uskayaw.
  7958 | D:8      | Reached skill level 5 in Poison Magic
  8088 | D:8      | Found an ornate altar of the Wu Jian Council.
  8361 | D:8      | Noticed a hippogriff
  8386 | D:8      | Killed a hippogriff
  8386 | D:8      | Reached XP level 10. HP: 41/73 MP: 9/16
  8414 | D:8      | Found a staircase to the Lair.
  8534 | D:9      | Reached skill level 5 in Fighting
  8549 | D:9      | Reached skill level 5 in Armour
  8549 | D:9      | Reached skill level 6 in Poison Magic
  8647 | D:9      | Reached skill level 7 in Poison Magic
  8759 | D:9      | Reached skill level 8 in Poison Magic
  8766 | D:9      | Learned a level 5 spell: Dispel Undead
  8865 | D:9      | Reached **** piety under Kikubaaqudgha
  8930 | D:9      | Reached skill level 1 in Necromancy
  8953 | D:9      | Noticed a kobold demonologist
  8979 | D:9      | Killed a kobold demonologist
  9518 | D:9      | Found a runed translucent gate.
  9520 | D:9      | Found a runed translucent gate.
  9520 | D:9      | Found a runed translucent gate.
  9520 | D:9      | Noticed Pyrphoros's ghost (novice TeAE)
  9520 | D:9      | Noticed Thantalas's ghost (novice MiBe)
  9520 | D:9      | Noticed Exodus22XD's ghost (novice DEWz)
  9652 | D:10     | Entered Level 10 of the Dungeon
  9685 | D:10     | Noticed Sonja
  9712 | D:10     | Killed Sonja
  9712 | D:10     | Reached skill level 5 in Stealth
  9849 | D:10     | Reached XP level 11. HP: 60/79 MP: 8/18
  9861 | D:10     | Noticed Urug
  9895 | D:9      | Reached skill level 5 in Spellcasting
  9984 | D:10     | Noticed Psyche
 10015 | D:9      | Killed Psyche
 10015 | D:9      | Reached skill level 5 in Necromancy
 10303 | D:10     | Killed Urug
 10374 | D:10     | Found Woguulao's Gadget Emporium.
 10607 | D:10     | Found a staircase to the Orcish Mines.
 10628 | D:10     | Reached ***** piety under Kikubaaqudgha
 10853 | D:10     | Noticed Josephine
 11288 | Orc:1    | Entered Level 1 of the Orcish Mines
 11342 | Orc:1    | Noticed an orc sorcerer
 11360 | Orc:1    | Killed an orc sorcerer
 11423 | Orc:1    | Noticed Harold
 11602 | Orc:1    | Killed Harold
 11875 | Orc:2    | Entered Level 2 of the Orcish Mines
 11878 | Orc:2    | Found a staircase to the Elven Halls.
 11880 | Orc:2    | Noticed a two-headed ogre
 11979 | Orc:2    | Killed from afar by an orc wizard

Skill      XL: |  1  2  3  4  5  6  7  8  9 10 11 |
---------------+----------------------------------+-----
Conjurations   | 1 2 3 4 5 6 |  6.0
Maces & Flails | 1 2 |  2.1
Poison Magic   | 1 3 5 8 |  8.2
Dodging        | 2 3 |  3.0
Fighting       | 1 2 4 5 |  5.0
Armour         | 1 2 4 5 |  5.1
Fire Magic     | 1 2 4 |  4.0
Slings         | 2 |  2.0
Air Magic      | 2 3 4 |  4.1
Spellcasting   | 4 6 |  6.6
Stealth        | 6 |  6.0
Necromancy     | 4 7 |  7.8
Summonings     | |  1.0
Translocations | |  0.8

Action                   |  1- 3 |  4- 6 |  7- 9 | 10-12 || total
-------------------------+-------+-------+-------+-------++-------
Melee: Whip              |    32 |    52 |   283 |   270 ||   637
       Unarmed           |     5 |       |       |       ||     5
       Dagger            |       |       |    12 |       ||    12
 Fire: Hunting sling     |       |       |   100 |    42 ||   142
 Cast: Magic Dart        |    45 |   115 |    77 |    51 ||   288
       Mephitic Cloud    |       |     9 |    41 |    52 ||   102
       Conjure Flame     |       |       |    13 |    25 ||    38
       Vampiric Draining |       |       |       |     5 ||     5
 Abil: Dig               |       |     8 |    15 |    15 ||    38
Evoke: Wand              |       |       |       |     2 ||     2
  Use: Potion            |       |     8 |     7 |     1 ||    16
       Scroll            |       |     6 |       |     5 ||    11
 Stab: Sleeping          |     2 |       |     2 |     3 ||     7
       Confused          |       |     3 |    14 |    17 ||    34
  Eat: Chunk             |     1 |     9 |    21 |    18 ||    49
Armor: Robe              |     7 |     6 |    34 |    36 ||    83
       Skin              |       |     1 |       |       ||     1
       Troll leather arm |       |       |       |     9 ||     9
Dodge: Dodged            |    31 |    72 |   174 |   135 ||   412
